 Dungeon Crawl Stone Soup version 0.31.0-9-g3a7656b989 (webtiles) character file.

Game seed: 17285969610398554766

103 ProzacElf the Shooter (level 4, -1/34 HPs)
             Began as an Armataur Hexslinger on Jan 25, 2024.
             Was a Follower of Okawaru.
             Succumbed to an adder's poison
             ... in a sewer.
             The game lasted 00:05:28 (2338 turns).

ProzacElf the Shooter (Armataur Hexslinger)         Turns: 2338, Time: 00:05:29

Health: -1/34      AC:  5    Str: 13    XL:     4   Next: 51%
Magic:  5/5        EV:  8    Int: 14    God:    Okawaru [*.....]
Gold:   67         SH:  0    Dex: 14    Spells: 3/5 levels left

rFire   . . .        a - +1 sling
rCold   . . .        (no shield)
rNeg    . . .        l - +0 ring mail
rPois   .            (no helmet)
rElec   .            (no cloak)
rCorr   .            (no gloves)
SInv    .            (no barding)
Will    .....        (no amulet)
Stlth   +            (no ring)
HPRegen 0.25/turn    (no ring)
MPRegen 0.09/turn

%: roll
@: lethally poisoned (-1 -> -5)
A: large, deformed body, tough skin 3, armoured tail, roll 1
a: Renounce Religion, Heroism


You were in a sewer.
You worshipped Okawaru.
Okawaru was aware of your devotion.
You visited 1 branch of the dungeon, and saw 3 of its levels.
You also visited: Sewer.

You collected 67 gold pieces.

Inventory:

Hand Weapons
 a - a +1 sling (weapon)
 b - a +0 short sword
 i - a +0 hand axe
Missiles
 g - 3 poisoned darts
Armour
 c - a +0 robe
 k - a +0 scale mail
 l - a +0 ring mail (worn)
Jewellery
 j - a ring of ice
Scrolls
 d - 2 scrolls of teleportation {unknown}
 e - a scroll of poison
 h - a scroll of torment {unknown}
 n - 2 scrolls of identify {unknown}
 o - a scroll of enchant weapon {unknown}
 p - a scroll of blinking {unknown}
Potions
 m - a potion of magic


   Skills:
 - Level 0.8 Fighting
 + Level 3.4 Ranged Weapons
 - Level 1.3 Dodging
 - Level 1.0 Spellcasting
 - Level 3.0 Hexes
 - Level 1.0 Fire Magic


You had 3 spell levels left.
You knew the following spells:

 Your Spells              Type           Power      Damage    Failure   Level
a - Jinxbite              Hex            18%        N/A       26%         2

Your spell library contained the following spells:

 Spells                   Type           Power      Damage    Failure   Level
 Sigil of Binding         Hex            9%         N/A       45%         3
 Shock                    Conj/Air       0%         1d3       50%         1
 Inner Flame              Hex/Fire       6%         N/A       58%         3
 Sublimation of Blood     Necr           0%         N/A       65%         2
 Swiftness                Air            0%         N/A       86%         3
 Cause Fear               Hex            4%         N/A       86%         4
 Dimensional Bullseye     Hex/Tloc       2%         N/A       97%         4
 Airstrike                Air            0%         2d(0-16)  99%         4
 Olgreb's Toxic Radiance  Alch           0%         N/A       99%         4
 Ozocubu's Refrigeration  Ice            0%         4d7       100%        7
 Discord                  Hex            4%         N/A       100%        8
 Call Imp                 Summ           Unusable   N/A       N/A         2
 Summon Hydra             Summ           Unusable   N/A       N/A         7

Dungeon Overview and Level Annotations

Branches:
Dungeon (3/15)              Sewer (1/1)

Altars:
Okawaru

Shops:
D:1 =   D:2 =


Innate Abilities, Weirdness & Mutations

Armour fits poorly on your strangely shaped body.
You have extremely tough skin. (AC +3)
You have a long armoured tail.
You regenerate magic when rolling toward enemies. (Rampage MPRegen)


Message History

Tha kobold brigand hits ye wit' a +0 dagger.
Tha frilled lizard closely misses ye.
Ye take 6 damage, an' haf 12/34 hp.
Ye be too injured ta fight recklessly!
Ye be too injured ta fight recklessly!
Ye be too injured ta fight recklessly!
Fire: a) +1 slin'
Press: ? - help, Q - select action, (/) - cycle Shift-Dir - straight line, f/p - adder
Aim: an adder (almost dead, 38% ta hit) Ye shoot a slin' bullet.
Tha slin' bullet misses tha adder.
Ye feel sick.
Ye be nay longer poison'd.
Tha adder bites ye but does nay damage.
Tha kobold brigand hits ye wit' a +0 dagger.
* * * LOW HITPOINT WARNIN'
* * * Tha adder bites ye but does nay damage.
Tha frilled lizard barely misses ye.
A jackal comes inta view.
Ye take 4 damage, an' haf 8/34 hp.
Fire: a) +1 slin'
Press: ? - help, Q - select action, (/) - cycle Shift-Dir - straight line, f/p - adder
Aim: an adder (almost dead, 38% ta hit) Ye shoot a slin' bullet.
Tha slin' bullet barely misses tha adder.
Tha jackal barks!
Tha adder bites ye.
* * * LOW HITPOINT WARNIN'
* * * Ye be poison'd.
Tha adder poisons ye!
Tha kobold brigand hits ye wit' a +0 dagger.
* * * LOW HITPOINT WARNIN'
* * * Tha frilled lizard bites ye but does nay damage.
Tha adder bites ye.
* * * LOW HITPOINT WARNIN'
* * * Ye take 7 damage, an' haf 1/34 hp.
MASSIVE DAMAGE!!
Fire: a) +1 slin'
Press: ? - help, Q - select action, (/) - cycle Shift-Dir - straight line, f/p - adder
Aim: an adder (almost dead, 38% ta hit) Ye shoot a slin' bullet.
Tha slin' bullet closely misses tha adder.
Ye die...

#. ##~ ##~~
#~~. #.~h
#P..
#..S#######
#.hl@....P###
#..K.∩∩.P.~P#
##≈≈....#~#~.
#≈≈≈≈≈.#
##≈≈≈≈≈#
##≈≈≈≈#
##≈≈≈# #####


You could see a kobold brigand, an adder, 2 jackals and a frilled lizard.

Vanquished Creatures
  An iguana (D:3)
  2 adders
  A dart slug (D:1)
  3 ribbon worms
  3 ball pythons
  6 endoplasms
  4 giant cockroaches
  3 goblins
  5 hobgoblins
  A jackal (D:2)
  3 quokkas
  2 bats (D:2)
  7 frilled lizards
  4 kobolds
  4 rats
49 creatures vanquished.

Notes
Turn   | Place    | Note
-------+----------+-------------------------------------------
     0 | D:1      | ProzacElf the Armataur Hexslinger began the quest for the
                  | Orb.
     0 | D:1      | Reached XP level 1. HP: 15/15 MP: 2/2
    29 | D:1      | Reached skill level 1 in Fire Magic
   108 | D:1      | Reached XP level 2. HP: 22/22 MP: 3/3
   111 | D:1      | Learned a level 2 spell: Jinxbite
   571 | D:1      | Found Unugha Tyra's Jewellery Boutique.
   779 | D:2      | Reached XP level 3. HP: 27/27 MP: 4/4
   992 | D:2      | Found a faded altar of an unknown god.
  1236 | D:2      | Prayed at the altar of an unknown god.
  1236 | D:2      | Became a worshipper of Warmaster Okawaru
  1236 | D:2      | Reached * piety under Okawaru
  1797 | D:2      | Found Haats's Jewellery Boutique.
  1951 | D:3      | Reached XP level 4. HP: 7/34 MP: 3/5
  2275 | D:3      | Found a glowing drain.
  2320 | Sewer    | Entered a sewer
  2331 | Sewer    | Noticed a kobold brigand
  2337 | Sewer    | HP: 1/34 [adder (3)]
  2338 | Sewer    | Succumbed to an adder's poison

Illustrated notes

Levels and vault maps discovered:
D:1:      mainiacjoe_arrival_reflecting_pool, layout_basic, serial_shops,
          nicolae_shop_real_fake_doors, roderic_serpentine_path
D:2:      layout_loops_corners, nicolae_ecumenical_lake_church, serial_shops,
          shop, glass_columns_a, nicolae_concentric_dashed_squares_mild,
          kennysheep_generic_room_5
D:3:      layout_basic, serial_shops, shop, nicolae_shop_just_a_little_nook,
          mainiacjoe_sewer_entry_somewhere_in_here_2
Sewer:    sewer_co_scattered_pipes

Skill      XL: |  1  2  3 |
---------------+----------+-----
Fire Magic     | 1 |  1.0
Hexes          | 3 |  3.0
Ranged Weapons | 2 3 |  3.4
Fighting       | |  0.8
Dodging        | |  1.3
Spellcasting   | |  1.0

Action                     |  1- 3 |  4- 6 || total
---------------------------+-------+-------++-------
  Melee: Short sword       |       |    37 ||    37
         Tailslap          |       |     7 ||     7
   Fire: Sling             |   153 |    19 ||   172
   Cast: Jinxbite          |     1 |       ||     1
    Use: Potion            |     2 |       ||     2
 Armour: Robe              |    41 |       ||    41
         Ring mail         |    40 |    41 ||    81
  Dodge: Dodged            |    37 |    27 ||    64

Action                     |  1- 3 |  4- 6 || total
---------------------------+-------+-------++-------
  Melee: Short sword       |       |    37 ||    37
         Tailslap          |       |     7 ||     7
   Fire: Sling             |   153 |    19 ||   172
   Cast: Jinxbite          |     1 |       ||     1
    Use: Potion            |     2 |       ||     2
 Armour: Robe              |    41 |       ||    41
         Ring mail         |    40 |    41 ||    81
  Dodge: Dodged            |    37 |    27 ||    64

Levels and vault maps discovered:
D:1:      mainiacjoe_arrival_reflecting_pool, layout_basic, serial_shops,
          nicolae_shop_real_fake_doors, roderic_serpentine_path
D:2:      layout_loops_corners, nicolae_ecumenical_lake_church, serial_shops,
          shop, glass_columns_a, nicolae_concentric_dashed_squares_mild,
          kennysheep_generic_room_5
D:3:      layout_basic, serial_shops, shop, nicolae_shop_just_a_little_nook,
          mainiacjoe_sewer_entry_somewhere_in_here_2
Sewer:    sewer_co_scattered_pipes
